 Dungeon Crawl Stone Soup version 0.18-a0-1343-g48c8f86 (webtiles) character file.

177 eljoo the Sneak (level 5, 0/37 HPs)
             Began as a Formicid Earth Elementalist on Feb 16, 2016.
             Slain by a river rat (11 damage)
             ... in a sewer.
             The game lasted 00:12:57 (2330 turns).

eljoo the Sneak (Formicid Earth Elementalist)       Turns: 2330, Time: 00:12:57

Health: 0/37       AC:  2    Str: 13    XL:     5   Next: 88%
Magic:  3/11       EV: 12    Int: 15    God:
Gold:   130        SH:  0    Dex: 11    Spells: 1 memorised, 11 levels left

rFire  . . .     SeeInvis +     b - 28 stones
rCold  + . .     Gourm    .     i - +0 robe
rNeg   . . .     Faith    .     (no shield)
rPois  .         Spirit   .     (helmet unavailable)
rElec  .         Dismiss  .     (no cloak)
rCorr  .         Reflect  .     (no gloves)
SustAt .         Harm     +     (no boots)
MR     .....                    w - amulet of harm
Stlth  ++........               (no ring)
                                n - ring of protection from cold

@: not resistant to hostile enchantments, unstealthy
A: permanent stasis, dig shafts and tunnels, four strong arms, antennae 3
a: Dig, Shaft Self


You were in a sewer.
You were not hungry.

You visited 1 branch of the dungeon, and saw 3 of its levels.
You also visited: Sewer.

You collected 130 gold pieces.

Inventory:

Hand Weapons
 a - a +0 dagger
 v - a +2 flail of holy wrath
Missiles
 b - 28 stones (in hand)
Armour
 i - a +0 robe (worn)
Jewellery
 n - a ring of protection from cold (left hand)
 w - an amulet of harm (around neck)
Scrolls
 k - 2 scrolls of identify
 m - 3 scrolls of fog {unknown}
 p - 2 scrolls of remove curse {unknown}
 r - a scroll of teleportation {unknown}
 u - a scroll of fear {unknown}
 x - a scroll of amnesia {unknown}
 y - a scroll of recharging {unknown}
Potions
 e - 2 potions of flight
 g - a potion of mutation {unknown}
 h - 3 potions of might {unknown}
 j - 2 potions of heal wounds {unknown}
 l - a potion of curing {unknown}
 o - a potion of lignification {unknown}
 t - a potion of agility {unknown}
 z - a potion of resistance {unknown}
 A - a potion of cure mutation {unknown}
Books
 c - a book of Geomancy

   Spells                             Type                      Level
   a - Sandblast                      Earth                        1
   b - Passwall                       Transmutation/Earth          2
   c - Stone Arrow                    Conjuration/Earth            3
   d - Petrify                        Transmutation/Earth          4
   e - Lee's Rapid Deconstruction     Earth                        5
Comestibles
 d - a bread ration
 f - 2 meat rations
 q - 2 beef jerkies
 s - a slice of pizza


   Skills:
 + Level 1.2 Fighting
 - Level 2.0 Dodging
 + Level 4.4 Stealth
 * Level 4.0 Spellcasting
   Level 1.1 Transmutations
 + Level 4.4 Earth Magic


You had 11 spell levels left.
You knew the following spells:

 Your Spells              Type           Power        Failure   Level  Hunger
a - Sandblast             Erth           ###...       3%          1    None


Dungeon Overview and Level Annotations

Branches:
Dungeon (3/15)

Altars:
Ru
The Shining One


Innate Abilities, Weirdness & Mutations

You are under a permanent stasis effect.
You can dig through walls and to a lower floor.
Your four strong arms can wield two-handed weapons with a shield.
You have a pair of large antennae on your head (SInv).


Message History

Confirm with . or Enter, or press ? or * to list all spells.
Aiming: Sandblast
Press: ? - help, Shift-Dir - straight line, f - river rat
Aim: a river rat The rocky blast hits the river rat.
The river rat is lightly wounded.
The river rat barely misses you.
Casting: Sandblast
Confirm with . or Enter, or press ? or * to list all spells.
Aiming: Sandblast
Press: ? - help, Shift-Dir - straight line, f/p - river rat
Aim: a river rat (lightly wounded)
The rocky blast misses the river rat.
The river rat twitches its whiskers.
The river rat bites you!
* * * LOW HITPOINT WARNING * * *
You enter the shallow water.
Moving in this stuff is going to be slow.
The river rat bites you!
You die...

#≈≈≈≈≈≈#
#≈≈≈≈≈≈#
#≈≈≈≈≈≈#
#≈≈≈≈≈≈#
#≈≈≈÷≈≈#
#≈≈≈≈≈≈#
#≈≈≈≈≈≈#
#≈≈≈≈≈≈#
#≈≈≈≈≈≈#
#≈≈r≈≈≈#
#≈≈≈≈≈≈#
#≈≈≈†≈≈#
#≈≈≈≈≈≈#
#≈r.(≈.#
#≈≈≈≈≈≈#
#≈r≈.≈≈#
#≈≈≈≈≈≈#
#≈@≈≈≈≈#
#≈≈≈≈≈≈#
#≈≈≈≈≈≈#
#≈≈≈≈≈≈#
#≈≈≈≈≈≈#
#≈≈≈≈≈≈#
#≈≈≈≈≈≈#
#≈≈≈≈%≈#
#≈≈≈≈≈≈#
#≈≈≈≈≈≈#
#≈≈≈≈≈≈#
#≈≈≈≈≈≈#
#≈≈≈≈≈≈#
#≈≈≈≈≈≈#
#####≈≈≈≈≈≈#
#.≈≈≈..#
#..##.≈≈≈≈.#


You could see a river rat and 2 rats.

Vanquished Creatures
  3 gnolls (D:3)
  3 river rats (Sewer)
  5 adders
  A worm (D:2)
  4 giant geckos
  An orc (D:3)
  6 bats
  3 giant cockroaches
  9 goblins
  7 hobgoblins
  A kobold (D:2)
  5 ball pythons
  6 giant newts
  23 rats
77 creatures vanquished.

Notes
Turn   | Place    | Note
--------------------------------------------------------------
     0 | D:1      | eljoo the Formicid Earth Elementalist began the quest for the Orb.
     0 | D:1      | Reached XP level 1. HP: 13/13 MP: 3/3
    70 | D:1      | Reached XP level 2. HP: 17/19 MP: 1/5
   671 | D:1      | Reached XP level 3. HP: 21/24 MP: 0/6
   920 | D:2      | Reached skill level 4 in Earth Magic
  1023 | D:2      | Found a glowing golden altar of the Shining One.
  1181 | D:2      | Found a sacrificial altar of Ru.
  1510 | D:3      | Reached XP level 4. HP: 30/30 MP: 4/8
  1750 | D:3      | Reached XP level 5. HP: 31/35 MP: 5/10
  1885 | D:3      | Found a glowing drain.
  1909 | Sewer    | Entered a sewer
  2199 | Sewer    | Reached skill level 1 in Fighting
  2330 | Sewer    | Slain by a river rat

Vault maps used:
D:1:      dpeg_arrival_court
D:2:      tso_metal_star, nicolae_ru_awakened_eye
D:3:      portal_sewer_entry_a, uniq_sigmund
Sewer:    sewer_minmay_w

Action                   |  1- 3 |  4- 6 || total
-------------------------+-------+-------++-------
Melee: Dagger            |     3 |       ||     3
 Cast: Sandblast         |    60 |    68 ||   128
  Use: Scroll            |     1 |       ||     1
 Stab: Distracted        |     1 |       ||     1
  Eat: Chunk             |     2 |     3 ||     5
